 Dungeon Crawl Stone Soup version 0.26.1-2-gb8aa6d0cf2 (webtiles) character file.

Game seed: 9151351442297021852

363 Marvel the Stinger (level 6, 0/37 HPs)
             Began as an Octopode Venom Mage on Feb 13, 2021.
             Slain by an adder (1 damage)
             ... on level 4 of the Dungeon.
             The game lasted 00:09:54 (4897 turns).

Marvel the Stinger (Octopode Venom Mage)            Turns: 4897, Time: 00:09:55

Health: 0/37       AC:  1    Str:  9    XL:     6   Next: 67%
Magic:  3/11       EV: 13    Int: 18    God:
Gold:   192        SH:  0    Dex: 12    Spells: 10/11 levels left

rFire    + . .     SeeInvis .     - Unarmed
rCold    + . .     Faith    +   (no shield)
rNeg     . . .     Spirit   .   (helmet restricted)
rPois    +         Reflect  .   q - amulet of faith
rElec    +         Harm     .   d - ring of resist corrosion
rCorr    +         Rampage  .   i - ring of willpower
Will     +....                  (no ring)
Stlth    +++.......             (no ring)
HPRegen  0.12/turn              (no ring)
MPRegen  0.12/turn              (no ring)
                                (no ring)
                                (no ring)

@: lethally poisoned (0 -> -5), resistant, flying
A: almost no armour, stealthy swim, amphibious, 8 rings, constrict 8, camouflage
1, gelatinous body 1
a: no special abilities


You were on level 4 of the Dungeon.
You visited 1 branch of the dungeon, and saw 4 of its levels.

You collected 192 gold pieces.

Inventory:

Missiles
 e - 14 poisoned darts
Jewellery
 d - a ring of resist corrosion (left tentacle)
 i - a ring of willpower (right tentacle)
 n - a +6 ring of intelligence {unknown}
 q - an amulet of faith (around mantle)
Scrolls
 a - a scroll of magic mapping {unknown}
 b - 5 scrolls of teleportation {unknown}
 c - 2 scrolls of remove curse {unknown}
 g - a scroll of fog {unknown}
 h - 2 scrolls of enchant weapon {unknown}
 k - a scroll of blinking {unknown}
 l - 2 scrolls of identify {unknown}
 m - a scroll of immolation {unknown}
Potions
 j - a potion of flight
 o - a potion of heal wounds
 p - a potion of lignification {unknown}
 r - 2 potions of curing {unknown}


   Skills:
 + Level 0.3 Fighting
 + Level 2.5 Dodging
 + Level 3.7 Stealth
 + Level 2.0 Unarmed Combat
 + Level 3.3 Spellcasting
 + Level 3.3 Transmutations
 + Level 5.2 Poison Magic


You had 10 spell levels left.
You knew the following spells:

 Your Spells              Type           Power        Failure   Level
a - Sting                 Tmut/Pois      72%          2%          1

Your spell library contained the following spells:

 Spells                   Type           Power        Failure   Level
 Poisonous Vapours        Pois/Air       24%          9%          2
 Ignite Poison            Fire/Tmut/Pois 13%          14%         3
 Olgreb's Toxic Radiance  Pois           21%          19%         4
 Mephitic Cloud           Conj/Pois/Air  9%           22%         3


Dungeon Overview and Level Annotations

Branches:
Dungeon (4/15)
 Temple: D:4-7

Altars:
Qazlal
Vehumet


Innate Abilities, Weirdness & Mutations

You cannot wear most types of armour.
You are very stealthy in the water. (Stealth+)
You are amphibious.
You can wear up to eight rings at the same time.
You can use your tentacles to constrict eight enemies at once.
Your skin changes colour to match your surroundings (Stealth+).
Your rubbery body absorbs attacks. (AC +1, EV +1)


Message History

Casting: Sting (safe; 2% risk of failure)
Confirm with . or Enter, or press ? or * to list all spells.
Aiming: Sting (safe; 2% risk of failure)
Press: ? - help, Shift-Dir - straight line, f/p - adder
Aim: an adder (severely wounded, very poisoned, 43% to evade)
The sting misses the adder.
The adder bites you.
* * * LOW HITPOINT WARNING * * *
You are lethally poisoned!
The adder poisons you!
* * * LOW HITPOINT WARNING * * *
You feel sick. The adder closely misses you.
It was a potion of resistance.
You feel protected.
* * * LOW HITPOINT WARNING * * *
You feel sick. The adder bites you.
* * * LOW HITPOINT WARNING * * *
It was a potion of flight.
You feel very buoyant.
You fly up into the air.
The adder bites you.
You die...

####.......#.........#
..##.................#
..##.......#..(......# >
##.............^..#
##.....#.........#
###..#####.##g### #### #)##
#..#.## . ...## ##.##
##S#?g###....
.#..###...######@##........
...................?.....?.
.#####..#.#.........).....?
.####..##.####....##.......
........#.####..... .....$.
##...##.....##....##.......
#.######.#........ .......
#<# #.#........ ####... #
...........


You could see an adder (poisoned).

Vanquished Creatures
  An ogre (D:4)
  A bullfrog skeleton (D:4)
  9 adders
  7 gnolls
  An ooze (D:4)
  3 worms
  4 dart slugs
  A leopard gecko (D:3)
  5 orcs (D:3)
  A ball python (D:1)
  12 bats
  6 giant cockroaches
  6 goblins
  10 hobgoblins
  7 kobolds
  A quokka (D:3)
  9 frilled lizards
  8 rats
92 creatures vanquished.

Vanquished Creatures (others)
  A hobgoblin (D:3)
1 creature vanquished.

Grand Total: 93 creatures vanquished

Notes
Turn   | Place    | Note
-------+----------+-------------------------------------------
     0 | D:1      | Marvel the Octopode Venom Mage began the quest for the Orb.
     0 | D:1      | Reached XP level 1. HP: 11/11 MP: 3/3
   159 | D:1      | Reached XP level 2. HP: 17/17 MP: 1/5
   347 | D:1      | Reached skill level 4 in Poison Magic
   540 | D:1      | Reached XP level 3. HP: 8/21 MP: 6/6
   855 | D:1      | You fall into a shaft and drop 1 floor!
   855 | D:2      | Found a faded altar of an unknown god.
  1228 | D:2      | Reached XP level 4. HP: 7/27 MP: 1/7
  2424 | D:2      | Reached skill level 1 in Unarmed Combat
  2424 | D:2      | Reached XP level 5. HP: 27/31 MP: 2/9
  3837 | D:3      | Found a stormy altar of Qazlal.
  4221 | D:3      | Reached skill level 5 in Poison Magic
  4221 | D:3      | Reached XP level 6. HP: 36/36 MP: 4/10
  4524 | D:3      | Found a radiant altar of Vehumet.
  4896 | D:4      | HP: 1/37 [adder (3)]
  4897 | D:4      | Slain by an adder

Illustrated notes

Levels and vault maps discovered:
D:1:      dpeg_arrival_prison, layout_basic
D:2:      minmay_inner_zag, layout_rooms, chequers_ecumenical_altar_island,
          minmay_randomly_rotated_circles
D:3:      layout_loops_cross, lemuel_coloured_pillars_altar, grunt_qazlal_clouds
D:4:      layout_rooms

Skill      XL: |  1  2  3  4  5  6 |
---------------+-------------------+-----
Stealth        | 3 |  3.7
Poison Magic   | 4 5 |  5.2
Transmutations | 2 3 |  3.3
Unarmed Combat | 1 2 |  2.0
Spellcasting   | 3 |  3.3
Fighting       | |  0.3
Dodging        | |  2.5

Action                   |  1- 3 |  4- 6 || total
-------------------------+-------+-------++-------
Melee: Unarmed           |    48 |    61 ||   109
       Constrict         |    17 |    13 ||    30
       Tentacles         |    10 |     9 ||    19
 Cast: Sting             |    32 |   122 ||   154
  Use: Potion            |       |     3 ||     3
 Stab: Sleeping          |     4 |     4 ||     8
Armor: Skin              |     6 |     7 ||    13
Dodge: Dodged            |    38 |    74 ||   112
